Map: Lava Flow

Players

Lambo

  • Race: Terran Terran
  • Spawn Location: 0:00

Hurricane - Winner!

  • Race: Protoss Protoss
  • League: Master
  • Spawn Location: 5:00

Leenock

  • Race: Terran Terran
  • League: Grandmaster
  • Spawn Location: 0:00

Zanster

  • Race: Zerg Zerg
  • Spawn Location: 3:00

Scarlett

  • Race: Zerg Zerg
  • League: Master
  • Spawn Location: 6:00

Solar

  • Race: Protoss Protoss
  • League: Master
  • Spawn Location: 12:00

SortOf

  • Race: Protoss Protoss
  • League: Diamond
  • Spawn Location: 11:00

Elazer

  • Race: Protoss Protoss
  • Spawn Location: 7:00

Event: Memes & Dreams Invitational

VOD

Have the link to the VOD?

Description

Time

  • Played on: April 14, 2018, 7:26 a.m.
  • Length: 29:37
Show
View Real Time Build Order
Export as new Build Order

Lambo Terran 

Build Orders: Gas First Reaper Expand, Reaper Expand, Mech 

Get SALT Encoding   

  12  0:01  SCV  
  13  0:13  SCV  
  14  0:22  Supply Depot  
  14  0:25  SCV  
  15  0:30  Refinery  
  15  0:43  SCV  
  15  0:46  Barracks  
  16  0:55  SCV  
  17  1:07  SCV  
  18  1:20  SCV  
  19  1:32  Orbital Command  
  19  1:35  Reaper  
  20  1:42  Command Center  
  20  1:55  Factory  
  20  1:58  SCV  
  21  2:07  Supply Depot  
  21  2:10  Refinery  
  21  2:11  Barracks Reactor  
  21  2:14  SCV  
  22  2:26  SCV  
  23  2:32  Bunker  
  23  2:34  Supply Depot  
  23  2:38  SCV  
  24  2:50  SCV  
  25  2:55  Orbital Command  
  25  2:59  Marine  
  25  3:02  SCV, Cyclone  
  30  3:11  Cyclone  
  32  3:21  SCV  
  33  3:32  Armory  
  35  3:34  Hellion  
  35  3:37  SCV  
  36  3:42  SCV  
  36  3:44  Hellion  
  39  3:49  SCV  
  39  3:54  SCV  
  43  3:55  Hellion  
  43  3:59  Orbital Command  
  43  4:01  SCV  
  44  4:05  Hellion  
  46  4:13  SCV  
  46  4:15  Barracks Tech Lab  
  49  4:17  Hellion  
  49  4:22  Factory  
  49  4:24  Terran Vehicle Weapons Level 1  
  49  4:25  SCV  
  49  4:26  Hellion, SCV  
  53  4:34  Engineering Bay  
  53  4:37  SCV  
  54  5:01  Supply Depot  
  54  5:08  SCV x2  
  54  5:11  Refinery  
  54  5:13  Refinery  
  54  5:21  SCV x2  
  53  5:23  Siege Tank, Cyclone x2  
  53  5:25  Supply Depot  
  59  5:33  SCV x2  
  59  5:36  Infernal Pre-Igniter  
  57  5:45  SCV x2  
  57  5:49  Command Center  
  59  5:56  Siege Tank  
  62  5:57  SCV x2  
  64  6:09  Supply Depot, SCV x2  
  64  6:10  Missile Turret  
  66  6:12  Missile Turret  
  66  6:15  Hellion x2  
  70  6:30  Factory  
  70  6:31  Factory, SCV x2  
  72  6:39  Factory  
  72  6:42  Terran Vehicle Weapons Level 2  
  72  6:43  SCV x2  
  74  6:47  Armory  
  74  6:51  Supply Depot  
  74  6:55  SCV x2  
  74  7:00  Barracks Reactor  
  76  7:07  Orbital Command  
  76  7:08  Starport  
  76  7:09  SCV x2  
  76  7:15  Supply Depot x2  
  78  7:17  Factory Reactor, Factory Tech Lab  
  78  7:21  Hellion, SCV x2  
  81  7:29  Factory Tech Lab  
  79  7:33  SCV x2  
  81  7:39  Thor  
  87  7:45  SCV  
  88  7:56  Thor  
  94  8:04  Hellion  
  94  8:05  Hellion  
  98  8:10  Command Center  
  98  8:16  SCV  
  98  8:18  Starport Tech Lab  
  98  8:19  Supply Depot  
  99  8:22  Starport  
  99  8:23  Thor  
  99  8:26  SCV  
  106  8:28  SCV  
  107  8:43  Supply Depot, Hellion x2  
  107  8:44  Supply Depot  
  111  8:53  Raven  
  113  8:56  Terran Vehicle And Ship Armor Level 1  
  113  8:58  SCV x2  
  113  8:59  Refinery  
  115  9:03  Refinery  
  115  9:10  SCV x2, Viking x2  
  121  9:21  Planetary Fortress  
  121  9:22  SCV  
  121  9:23  Missile Turret  
  122  9:25  Hellion  
  122  9:31  SCV  
  125  9:34  SCV  
  125  9:36  Thor  
  132  9:43  Hellion x2  
  124  9:57  Viking  
  116  10:01  Viking  
  116  10:05  Supply Depot  
  116  10:06  Supply Depot  
  116  10:08  Factory Tech Lab  
  116  10:09  Factory Tech Lab  
  116  10:10  SCV  
  116  10:11  SCV x2  
  113  10:20  Terran Vehicle Weapons Level 3  
  113  10:21  Thor  
  119  10:29  SCV x3  
  123  10:36  Hellion x2  
  123  10:40  Hellion  
  127  10:44  SCV  
  127  10:45  SCV x2  
  127  10:46  Orbital Command  
  127  10:48  Missile Turret  
  132  10:50  Hellion  
  132  10:51  Refinery  
  132  10:53  Missile Turret  
  132  10:55  Refinery  
  132  10:56  Thor  
  138  11:02  Supply Depot  
  138  11:04  SCV x2  
  140  11:08  Smart Servos  
  140  11:10  Raven  
  140  11:11  Viking  
  144  11:18  SCV x3  
  145  11:19  Hellion  
  147  11:28  Command Center  
  147  11:30  SCV x2  
  149  11:38  Thor  
  155  11:45  Viking x2  
  159  11:48  Terran Vehicle And Ship Armor Level 2  
  159  11:52  Supply Depot  
  159  11:53  Raven  
  161  11:54  Supply Depot  
  161  12:07  Supply Depot  
  161  12:08  Supply Depot  
  161  12:09  Command Center  
  161  12:14  Thor  
  167  12:25  Thor x2  
  167  12:28  Hellion x3  
  183  12:30  Supply Depot x2  
  183  12:33  Missile Turret  
  183  12:34  Missile Turret  
  183  12:36  Raven  
  181  12:49  Thor  
  184  12:57  Thor  
  190  13:04  Hellion x2  
  194  13:08  Thor  
  196  13:19  Raven, Thor  
  193  13:24  Viking x2  
  195  13:41  Cyclone  
  198  13:53  Missile Turret  
  198  13:54  Viking  
  198  13:55  Missile Turret  
  196  14:12  Planetary Fortress  
  170  14:34  Thor x2  
  173  15:01  Viking  
  150  15:28  Thor  
  77  15:43  SCV x2  
  77  15:47  Command Center  
  79  15:50  Hellion  
  79  15:51  Hellion  
  79  15:55  SCV  
  84  16:02  Refinery  
  84  16:08  SCV  
  84  16:11  Thor  
  85  16:12  Hellion  
  85  16:15  Factory Tech Lab  
  85  16:17  SCV  
  94  16:20  SCV  
  95  16:32  SCV  
  90  16:38  SCV  
  91  16:44  SCV  
  93  17:08  Orbital Command  
  92  17:20  Orbital Command  
  92  17:21  Raven  
  94  17:30  SCV  
  94  17:50  SCV x3  
  97  17:57  Viking  
  99  18:11  Viking x2  
  103  18:27  Viking  
  97  18:51  SCV  
  97  18:55  Command Center  
  96  19:01  Siege Tank  
  99  19:03  SCV  
  99  19:09  SCV  
  101  19:15  SCV  
  102  19:21  SCV  
  102  19:22  Terran Vehicle And Ship Armor Level 3  
  103  19:27  SCV  
  104  19:33  SCV  
  105  19:46  Refinery  
  105  19:49  SCV  
  105  19:50  SCV  
  105  19:51  Refinery  
  107  20:00  Siege Tank  
  107  20:02  SCV x2  
  111  20:14  SCV  
  103  20:26  SCV  
  104  20:29  Orbital Command  
  104  20:32  SCV  
  104  20:38  SCV  
  104  20:44  SCV  
  105  20:59  Orbital Command  
  101  21:07  SCV x2  
  101  21:10  Raven, Refinery  
  101  21:11  Refinery  
  105  21:12  Viking x2  
  105  21:16  Siege Tank  
  112  21:19  SCV  
  112  21:43  Liberator  
  111  21:54  SCV x3  
  111  22:00  Viking  
  118  22:06  SCV x2  
Show
View Real Time Build Order
Export as new Build Order

Hurricane Protoss - Winner!

Build Orders: Carriers 

Get SALT Encoding   

  12  0:00  Probe  
  13  0:12  Probe  
  14  0:16  Pylon  
  14  0:25  Probe (Chrono Boost)  
  15  0:36  Gateway  
  15  0:37  Probe (Chrono Boost)  
  16  0:44  Probe (Chrono Boost)  
  16  0:45  Assimilator  
  17  0:51  Probe  
  17  0:54  Assimilator  
  18  1:03  Probe (Chrono Boost)  
  19  1:06  Pylon  
  19  1:13  Probe (Chrono Boost)  
  19  1:18  Probe (Chrono Boost)  
  20  1:24  Cybernetics Core  
  21  1:29  Probe  
  22  1:41  Probe  
  23  1:53  Probe  
  24  2:01  Robotics Facility  
  24  2:02  Warp Gate (Chrono Boost)  
  24  2:05  Stalker  
  24  2:07  Probe  
  27  2:14  Pylon  
  27  2:19  Probe  
  27  2:21  Shield Battery  
  28  2:31  Probe  
  28  2:32  Gateway  
  28  2:36  Sentry  
  31  2:43  Probe  
  32  2:45  Warp Prism (Chrono Boost)  
  34  2:55  Probe  
  35  3:02  Sentry  
  35  3:03  Pylon  
  37  3:08  Probe  
  38  3:20  Probe  
  39  3:27  Nexus  
  39  3:31  Observer  
  39  3:32  Probe  
  41  3:44  Probe  
  42  3:55  Nexus  
  42  3:58  Probe  
  42  4:00  Observer  
  44  4:15  Probe, Stargate  
  45  4:21  Pylon  
  45  4:27  Probe  
  46  4:39  Immortal  
  46  4:43  Probe  
  46  4:44  Probe  
  52  4:56  Probe  
  52  4:57  Probe  
  54  5:04  Stargate  
  54  5:06  Stargate  
  54  5:09  Probe  
  54  5:11  Probe x2  
  57  5:16  Assimilator  
  57  5:18  Assimilator  
  57  5:27  Probe x2, Fleet Beacon  
  59  5:29  Probe (Chrono Boost)  
  60  5:42  Probe (Chrono Boost), Assimilator x2  
  63  5:45  Pylon, Probe x2 (Chrono Boost)  
  63  5:49  Probe (Chrono Boost)  
  64  5:50  Shield Battery  
  64  5:53  Probe (Chrono Boost)  
  70  5:58  Probe, Void Ray (Chrono Boost)  
  70  6:05  Probe  
  70  6:11  Probe  
  76  6:13  Void Ray (Chrono Boost)  
  80  6:19  Pylon  
  80  6:20  Void Ray (Chrono Boost)  
  80  6:23  Probe x2  
  88  6:35  Probe x2  
  88  6:39  Carrier (Chrono Boost), Shield Battery  
  90  6:41  Stalker  
  90  6:44  Carrier (Chrono Boost)  
  98  6:56  Adept  
  98  6:58  Probe  
  101  7:01  Pylon  
  101  7:02  Pylon  
  101  7:03  Pylon  
  101  7:04  Pylon  
  101  7:22  Graviton Catapult (Chrono Boost)  
  107  7:26  Probe x2  
  109  7:31  Carrier (Chrono Boost)  
  109  7:32  Probe  
  109  7:34  Stalker  
  110  7:38  Probe x2  
  110  7:43  Protoss Air Weapons Level 1  
  112  7:47  Forge  
  112  7:48  Probe  
  112  7:50  Probe  
  116  7:52  Carrier (Chrono Boost)  
  116  7:57  Phoenix (Chrono Boost)  
  122  8:07  Pylon  
  122  8:10  Nexus  
  122  8:17  Carrier (Chrono Boost)  
  122  8:26  Photon Cannon  
  128  8:29  Pylon  
  128  8:34  Mothership  
  136  8:37  Observer  
  137  8:42  Zealot  
  137  8:43  Zealot  
  137  8:46  Shield Battery x2  
  141  8:50  Photon Cannon  
  141  8:53  Photon Cannon  
  147  9:03  Carrier (Chrono Boost)  
  147  9:17  Shield Battery  
  147  9:18  Shield Battery  
  147  9:21  Carrier (Chrono Boost)  
  153  9:28  Assimilator  
  153  9:31  Zealot x2  
  155  9:46  Carrier (Chrono Boost)  
  140  10:04  Carrier (Chrono Boost)  
  140  10:11  Zealot x2  
  144  10:16  Probe x3  
  153  10:24  Assimilator  
  153  10:28  Probe x2, Photon Cannon  
  155  10:29  Protoss Air Weapons Level 2 (Chrono Boost), Stargate  
  155  10:30  Pylon, Stargate  
  155  10:31  Twilight Council  
  155  10:34  Probe x2  
  157  10:36  Protoss Shields Level 1  
  157  10:37  Carrier (Chrono Boost)  
  157  10:40  Probe x2  
  159  10:43  Pylon  
  159  10:46  Probe  
  165  11:02  Cybernetics Core  
  165  11:06  Shield Battery  
  165  11:08  Pylon  
  165  11:09  Pylon  
  165  11:10  Shield Battery  
  171  11:14  Carrier (Chrono Boost)  
  171  11:15  Observer  
  172  11:22  Carrier (Chrono Boost)  
  172  11:27  Pylon  
  178  11:33  Charge  
  178  11:38  Templar Archives  
  178  11:40  Carrier (Chrono Boost)  
  178  11:43  Gateway  
  190  11:56  Carrier (Chrono Boost)  
  190  12:00  Pylon  
  190  12:14  Protoss Air Armor Level 1 (Chrono Boost)  
  190  12:15  Observer  
  190  12:18  Pylon  
  190  12:21  Void Ray  
  194  12:33  Oracle  
  197  12:46  Oracle  
  197  12:50  Observer  
  200  13:01  Nexus  
  200  13:16  Pylon  
  200  13:23  Protoss Air Weapons Level 3  
  200  13:27  Gateway, Psionic Storm  
  200  13:29  Gateway  
  200  13:32  Gateway  
  200  13:35  Gateway  
  200  13:36  Gateway  
  200  13:41  Photon Cannon  
  200  13:42  Photon Cannon  
  200  13:44  Photon Cannon  
  200  13:46  Photon Cannon  
  200  13:47  Shield Battery  
  200  13:56  Assimilator  
  200  14:02  Assimilator  
  200  14:06  Gateway  
  200  14:09  Gateway  
  200  14:11  Gateway  
  200  14:12  Shield Battery  
  200  14:14  Gateway, Photon Cannon  
  200  14:16  Photon Cannon  
  200  14:18  Photon Cannon  
  200  14:30  Mothership (Chrono Boost)  
  198  14:37  Zealot x2  
  189  15:19  High Templar x5  
  199  15:23  Pylon  
  181  15:30  Carrier (Chrono Boost)  
  181  15:31  Carrier x3 (Chrono Boost)  
  153  15:45  Immortal  
  151  16:06  Stargate  
  151  16:09  High Templar  
  151  16:10  High Templar x5  
  161  16:11  High Templar x2  
  161  16:12  High Templar x2  
  161  16:14  Pylon  
  161  16:16  Gateway x2, Archon  
  161  16:17  Archon x4  
  169  16:30  Immortal (Chrono Boost)  
  179  16:49  Carrier (Chrono Boost)  
  179  16:51  Carrier (Chrono Boost)  
  179  17:10  Observer  
  179  17:13  High Templar x3  
  185  17:21  Carrier (Chrono Boost)  
  190  17:23  Zealot x2  
  190  17:26  Observer (Chrono Boost)  
  188  17:34  Protoss Air Armor Level 2 (Chrono Boost)  
  188  17:35  High Templar x2  
  192  17:39  Protoss Shields Level 2, Immortal (Chrono Boost)  
  196  18:10  Archon  
  195  18:17  Observer  
  196  18:33  Nexus  
  196  18:56  Pylon  
  196  18:58  Assimilator  
  196  19:03  Assimilator  
  196  19:05  Pylon  
  196  19:11  Pylon  
  196  19:12  Forge  
  196  19:19  Observer  
  193  19:53  High Templar x3  
  193  19:59  Protoss Air Armor Level 3 (Chrono Boost)  
  199  20:02  Photon Cannon  
  199  20:04  Photon Cannon  
  199  20:05  Photon Cannon x2  
  199  20:07  Photon Cannon x2  
  199  20:11  Shield Battery  
  199  20:13  Protoss Ground Weapons Level 1 (Chrono Boost)  
  199  20:20  Forge  
  186  21:06  Tempest  
  186  21:07  Tempest  
  198  21:15  Tempest (Chrono Boost)  
  198  21:21  Oracle (Chrono Boost)  
  200  21:39  Pylon  
  200  21:47  Protoss Shields Level 3  
  200  21:50  Protoss Ground Armor Level 1  
  200  22:02  Blink  
  200  22:29  Dark Shrine  
  200  22:38  Observer  
  191  23:21  Carrier (Chrono Boost)  
  197  23:29  Carrier (Chrono Boost)  
  197  23:33  Carrier (Chrono Boost)  
  199  23:47  Protoss Ground Weapons Level 2  
  199  23:57  Protoss Ground Armor Level 2  
  195  24:37  Carrier x2 (Chrono Boost)  
  177  24:41  Carrier (Chrono Boost)  
  200  24:47  Carrier (Chrono Boost)  
  200  24:55  Carrier (Chrono Boost)  
  194  25:08  Stargate  
  194  25:29  Observer  
  195  26:02  Carrier (Chrono Boost)  
  193  26:10  Observer  
  200  26:21  Nexus  
  200  26:22  Carrier (Chrono Boost)  
  200  26:24  Protoss Ground Armor Level 3 (Chrono Boost), Protoss Ground Weapons Level 3 (Chrono Boost)  
  196  27:20  Assimilator  
  196  27:25  Assimilator  
  196  27:28  Photon Cannon  
  196  27:30  Photon Cannon, Carrier (Chrono Boost)  
  196  27:32  Photon Cannon  
  196  27:34  Photon Cannon  
  190  29:33  Zealot  
  190  29:34  Zealot x4  
Show
View Real Time Build Order
Export as new Build Order

Leenock Terran 

Build Orders: 1/1/1, Liberator Opening, Bio Tank 

Get SALT Encoding   

  12  0:00  SCV  
  13  0:12  SCV  
  14  0:19  Supply Depot  
  14  0:24  SCV  
  15  0:30  Refinery  
  15  0:40  SCV  
  16  0:44  Barracks  
  16  0:52  SCV  
  17  1:01  Refinery  
  17  1:04  SCV  
  18  1:12  Supply Depot  
  18  1:17  SCV  
  19  1:32  Factory  
  19  1:38  Orbital Command  
  19  1:49  Reaper  
  19  1:52  Supply Depot  
  20  2:04  SCV  
  21  2:18  Starport, Factory Tech Lab  
  21  2:22  SCV  
  22  2:23  Marine  
  23  2:34  SCV  
  24  2:39  Liberator  
  24  2:46  Marine  
  25  2:52  Siege Tank  
  30  3:03  SCV  
  31  3:09  Marine  
  32  3:13  Barracks  
  32  3:14  Barracks  
  32  3:18  SCV  
  33  3:21  Supply Depot  
  33  3:26  Siege Tank  
  36  3:30  Marine  
  37  3:39  Medivac  
  39  3:42  SCV  
  40  3:49  Marine  
  41  3:59  Siege Tank  
  44  4:07  Marine  
  45  4:11  Barracks Tech Lab  
  45  4:12  Barracks Tech Lab  
  45  4:17  Command Center  
  45  4:24  Marine  
  46  4:32  Marine  
  47  4:45  Stimpack  
  47  4:54  Supply Depot  
  47  4:56  Supply Depot  
  47  5:05  Liberator  
  47  5:16  Marine x3, Siege Tank  
  56  5:34  Marine x3  
  46  5:51  Marine x2  
  46  5:52  Siege Tank  
  46  5:54  SCV, Orbital Command  
  46  5:55  Marine  
  50  6:00  Supply Depot  
  50  6:05  Combat Shields  
  50  6:09  Marine x2  
  52  6:14  SCV  
  52  6:15  Marine  
  54  6:27  Marine x2  
  54  6:29  Siege Tank  
  54  6:32  Orbital Command  
  59  6:33  Marine  
  59  6:39  SCV  
  61  6:45  Marine x2  
  63  6:51  Marine  
  62  7:02  Liberator  
  62  7:03  Marine x2, SCV  
  62  7:08  Siege Tank  
  68  7:09  Marine  
  69  7:20  Marine x2  
  74  7:24  SCV  
  74  7:26  SCV  
  74  7:27  Marine  
  73  7:38  Marine x2  
  73  7:40  SCV x2  
  77  7:44  Marine  
  78  7:52  SCV, Engineering Bay  
  78  7:56  Marine x2  
  81  8:01  Supply Depot  
  81  8:02  Marine  
  81  8:04  Supply Depot  
  82  8:11  Siege Tank  
  85  8:13  SCV  
  86  8:20  Missile Turret  
  86  8:21  Terran Infantry Weapons Level 1  
  86  8:23  Marine x2, SCV  
  86  8:25  Missile Turret, SCV  
  90  8:29  Marine  
  91  8:35  SCV  
  91  8:37  SCV  
  91  8:41  Marine x2  
  95  8:43  Siege Tank  
  95  8:47  Marine, SCV  
  100  8:49  SCV  
  101  8:58  Marine, Supply Depot  
  101  9:01  Supply Depot  
  102  9:03  Liberator  
  102  9:09  Supply Depot  
  102  9:19  Supply Depot  
  102  9:20  Marine x3, Supply Depot, SCV x2  
  110  9:32  SCV x2  
  110  9:34  Refinery  
  110  9:35  Refinery  
  110  9:36  Siege Tank  
  115  9:38  Marine x3  
  118  9:49  Barracks  
  118  9:50  Barracks  
  118  9:54  SCV  
  118  9:56  Marine x3  
  122  10:15  Marine, Terran Infantry Armor Level 1  
  122  10:16  Marine x2  
  125  10:30  Siege Tank  
  125  10:32  SCV x2  
  125  10:33  Marine x2  
  132  10:52  Armory  
  132  10:53  Marine, Engineering Bay  
  132  10:54  Marine  
  132  10:55  Barracks Reactor x2  
  134  10:57  Supply Depot  
  134  11:03  Siege Tank  
  137  11:09  Medivac  
  139  11:20  Supply Depot  
  139  11:24  Marine x3  
  142  11:27  Supply Depot  
  142  11:28  Supply Depot  
  142  11:30  Supply Depot  
  142  11:32  Supply Depot  
  142  11:36  Siege Tank  
  145  11:44  Medivac  
  145  11:45  Marine x7  
  154  11:48  Terran Infantry Weapons Level 2  
  154  12:06  Marine x7  
  161  12:09  Terran Infantry Armor Level 2  
  161  12:24  Command Center  
  161  12:27  Marine x7  
  168  12:30  Terran Vehicle Weapons Level 1  
  168  12:39  Missile Turret  
  168  12:42  Siege Tank  
  171  12:44  Marine  
  172  12:55  Marine x4  
  172  12:56  Marine  
  172  12:57  Marine  
  178  13:24  Marine x2  
  178  13:25  Marine x5  
  185  13:36  Orbital Command  
  185  13:42  Marine  
  185  13:47  SCV  
  185  13:56  Marine x2  
  185  13:57  Marine x4  
  185  14:00  Marine  
  192  14:14  Marine x2  
  192  14:17  Medivac  
  185  14:39  Marine x4  
  185  14:40  Marine x3  
  192  14:48  Terran Infantry Weapons Level 3  
  192  14:54  Terran Infantry Armor Level 3  
  192  14:57  Marine  
  193  15:11  Marine x5  
  198  15:27  Terran Vehicle Weapons Level 2  
  198  16:16  Orbital Command  
  198  16:59  Starport Reactor  
  198  17:01  Barracks  
  198  17:02  Factory, Refinery  
  198  17:03  Barracks  
  198  17:10  Refinery  
  198  17:41  Marine x2  
  200  17:50  Barracks Reactor  
  200  17:51  Barracks Reactor  
  200  17:52  Factory Tech Lab  
  200  18:50  Ghost Academy  
  200  19:01  Barracks  
  200  19:02  Barracks  
  200  19:03  Barracks  
  200  19:38  Terran Vehicle Weapons Level 3  
  200  19:39  Personal Cloaking  
  200  20:45  Barracks Tech Lab x2  
  200  21:05  Nuke  
  188  22:38  Ghost x2  
  188  22:39  Ghost x2  
  193  22:47  Ghost  
  193  22:48  Starport Tech Lab  
  189  23:07  Ghost x2, Unknown x4  
  189  23:08  Unknown x2  
  189  23:10  Unknown x2  
  189  23:11  Unknown  
  176  23:19  Raven  
  175  23:35  Ghost  
  175  23:36  Ghost  
  83  25:59  Unknown x6  
Show
View Real Time Build Order
Export as new Build Order

Zanster Zerg 

Build Orders: Hatch First 

Get SALT Encoding   

  12  0:02  Drone  
  13  0:13  Overlord  
  13  0:16  Drone  
  14  0:31  Drone  
  14  0:32  Drone  
  16  0:36  Drone  
  17  0:54  Drone  
  18  0:57  Hatchery  
  18  0:59  Drone  
  18  1:00  Extractor  
  17  1:09  Drone  
  18  1:19  Spawning Pool  
  18  1:20  Drone  
  18  1:29  Drone  
  19  1:39  Drone  
  20  1:52  Overlord  
  20  2:07  Queen  
  22  2:08  Queen  
  22  2:09  Zergling x4  
  22  2:10  Metabolic Boost  
  26  2:21  Drone x2  
  28  2:24  Roach Warren  
  28  2:26  Drone  
  28  2:31  Drone  
  28  2:34  Drone  
  29  2:41  Zergling x2  
  30  2:48  Zergling x2  
  28  2:55  Overlord  
  28  2:58  Zergling x2  
  24  3:19  Roach  
  28  3:20  Roach  
  28  3:21  Roach  
  30  3:27  Drone x2  
  30  3:31  Drone  
  33  3:35  Drone  
  33  3:38  Drone  
  35  3:45  Overlord  
  35  3:53  Spore Crawler  
  35  3:54  Spore Crawler  
  33  3:57  Drone  
  33  3:58  Drone  
  33  4:00  Drone  
  33  4:02  Drone  
  37  4:05  Drone  
  37  4:08  Drone  
  39  4:12  Drone  
  40  4:18  Queen  
  40  4:23  Overlord  
  41  4:31  Queen  
  41  4:36  Overlord  
  41  4:38  Overlord  
  43  4:46  Spore Crawler  
  43  4:48  Zergling x4  
  43  4:49  Zergling x2  
  45  4:58  Zergling x4  
  45  4:59  Zergling x4  
  49  5:02  Zergling x4  
  49  5:05  Zergling x2  
  52  5:14  Zergling x8  
  55  5:22  Zergling x4  
  55  5:26  Zergling x4  
  55  5:27  Zergling x6  
  62  5:35  Overlord  
  62  5:39  Queen  
  64  5:43  Zergling x2  
  64  5:46  Ravager  
  64  5:48  Zergling x2  
  67  5:53  Overlord  
  67  6:01  Drone  
  67  6:02  Drone x3  
  71  6:04  Drone  
  71  6:06  Drone  
  71  6:08  Drone  
  74  6:12  Drone  
  74  6:14  Drone  
  74  6:15  Drone  
  77  6:23  Drone  
  78  6:26  Queen  
  74  6:42  Roach  
  74  6:43  Roach x2  
  76  6:57  Zergling x4  
  76  6:58  Zergling x4  
  76  7:02  Queen  
  80  7:11  Overlord x3  
  80  7:15  Overlord  
  80  7:22  Lair  
  78  7:28  Overlord  
  78  7:31  Hatchery  
  78  7:36  Zergling x10  
  82  7:38  Overlord  
  82  7:41  Zergling x10  
  87  7:45  Evolution Chamber  
  87  7:48  Evolution Chamber  
  85  7:54  Overlord  
  85  8:05  Drone x4  
  82  8:15  Drone  
  82  8:16  Drone x3  
  82  8:18  Queen  
  87  8:20  Extractor  
  87  8:21  Extractor  
  87  8:22  Extractor  
  87  8:23  Zerg Missile Weapons Level 1  
  87  8:24  Zerg Ground Armor Level 1  
  87  8:25  Drone x2  
  86  8:28  Drone  
  87  8:40  Drone  
  87  8:41  Drone  
  89  8:46  Drone  
  89  8:47  Drone  
  91  8:53  Drone x3  
  91  8:54  Hydralisk Den  
  93  8:55  Hatchery  
  93  8:56  Drone  
  93  9:00  Drone x2  
  94  9:07  Drone  
  95  9:11  Infestation Pit  
  95  9:12  Queen  
  95  9:16  Spore Crawler, Drone x4  
  100  9:18  Drone  
  100  9:24  Overlord  
  100  9:27  Drone  
  100  9:28  Drone  
  100  9:29  Drone  
  102  9:33  Overlord  
  102  9:34  Drone  
  103  9:40  Drone  
  104  9:46  Queen  
  104  9:47  Extractor, Queen  
  104  9:48  Extractor  
  104  9:49  Pathogen Glands  
  106  10:05  Overlord  
  106  10:08  Spore Crawler  
  106  10:09  Drone  
  106  10:10  Drone x5, Spore Crawler x2  
  106  10:11  Spore Crawler x2  
  106  10:13  Drone x2  
  108  10:16  Spore Crawler  
  108  10:17  Spore Crawler, Infestor x2  
  108  10:19  Infestor  
  112  10:21  Infestor  
  114  10:33  Queen  
  116  10:35  Drone  
  116  10:36  Drone x5  
  116  10:39  Drone  
  116  10:40  Drone x2  
  125  10:44  Infestor  
  125  10:46  Infestor  
  129  10:52  Infestor x2  
  133  11:01  Zerg Missile Weapons Level 2  
  133  11:07  Overlord x2, Hydralisk Den  
  132  11:13  Drone  
  132  11:14  Drone x3  
  136  11:22  Zerg Ground Armor Level 2  
  136  11:31  Overseer  
  136  11:32  Overseer x2  
  131  11:33  Hatchery  
  130  11:41  Neural Parasite  
  130  11:53  Drone x5  
  135  11:54  Spore Crawler  
  135  11:55  Spore Crawler  
  135  11:56  Spore Crawler  
  132  12:07  Spore Crawler  
  132  12:08  Spore Crawler  
  130  12:10  Spore Crawler x3, Hive  
  130  12:11  Grooved Spines  
  130  12:12  Spore Crawler  
  130  12:13  Spore Crawler  
  125  12:23  Drone x2  
  125  12:24  Drone x10  
  125  12:27  Spire  
  125  12:28  Drone  
  125  12:29  Drone, Spore Crawler  
  137  12:32  Extractor  
  137  12:33  Extractor  
  135  12:40  Ravager  
  135  12:41  Ravager x4  
  135  12:42  Spore Crawler  
  135  12:43  Spore Crawler  
  138  12:46  Spore Crawler  
  138  12:47  Spore Crawler  
  136  13:01  Drone x2  
  136  13:02  Drone x6  
  144  13:16  Spore Crawler, Overlord x2  
  143  13:20  Drone  
  143  13:21  Drone  
  143  13:23  Drone x7  
  151  13:31  Zerg Missile Weapons Level 3  
  151  13:42  Extractor  
  151  13:43  Drone x9, Extractor  
  158  13:49  Spore Crawler  
  158  13:50  Spore Crawler  
  158  13:51  Spore Crawler x2  
  154  13:56  Drone  
  154  13:57  Drone x5  
  160  14:03  Spore Crawler  
  160  14:04  Spore Crawler  
  160  14:05  Spore Crawler x2, Greater Spire  
  160  14:09  Zerg Ground Armor Level 3  
  156  14:16  Spore Crawler  
  155  14:18  Spore Crawler x3  
  155  14:19  Pneumatized Carapace  
  147  15:02  Spire  
  147  15:03  Spore Crawler  
  147  15:04  Spore Crawler x2  
  147  15:06  Spore Crawler  
  147  15:07  Spore Crawler  
  141  15:08  Spore Crawler  
  141  15:09  Corruptor  
  141  15:10  Corruptor x11  
  164  15:39  Infestor x5  
  174  16:01  Brood Lord x9  
  192  16:09  Drone x4  
  192  16:11  Brood Lord  
  198  16:14  Brood Lord  
  200  16:26  Spore Crawler  
  200  16:27  Spore Crawler  
  200  16:28  Spore Crawler x2  
  200  16:29  Spore Crawler  
  200  16:30  Spore Crawler  
  200  16:31  Spore Crawler x2  
  192  16:39  Brood Lord  
  194  16:46  Drone  
  194  16:47  Drone x2  
  197  16:50  Drone x3  
  197  16:51  Spore Crawler  
  197  16:52  Spore Crawler  
  197  16:53  Spore Crawler x2  
  196  16:54  Zerg Melee Weapons Level 1  
  196  16:55  Zerg Flyer Weapons Level 1, Zerg Flyer Armor Level 1  
  196  17:27  Drone x4  
  200  17:40  Spore Crawler x2  
  200  17:41  Spore Crawler x3  
  200  17:42  Spore Crawler x2  
  193  18:00  Overseer x4  
  193  18:01  Overseer  
  191  18:59  Infestor  
  191  19:00  Infestor x2  
  197  19:05  Zerg Melee Weapons Level 2  
  197  19:09  Lair  
  197  19:10  Spire, Infestation Pit  
  181  19:54  Hydralisk  
  181  19:55  Hydralisk x8  
  181  19:59  Muscular Augments  
  199  20:00  Zerg Flyer Weapons Level 2, Zerg Flyer Armor Level 2  
  199  20:36  Greater Spire  
  199  20:37  Hive  
  197  21:30  Spore Crawler  
  197  21:32  Spore Crawler  
  195  21:34  Spore Crawler x4  
  195  21:35  Spore Crawler  
  195  21:36  Spore Crawler x2  
  195  21:37  Spore Crawler  
  195  21:39  Hydralisk x6  
  191  21:45  Spore Crawler  
  198  21:48  Spore Crawler x2  
  198  21:50  Spore Crawler x2  
  198  21:51  Spore Crawler x3  
  198  21:52  Spore Crawler  
  198  21:53  Spore Crawler x2  
  198  21:54  Spore Crawler  
  187  22:04  Spore Crawler  
  160  22:42  Viper x5  
  165  23:32  Overlord x4  
  165  23:50  Hydralisk Den, Zerg Flyer Armor Level 3  
  165  23:52  Corruptor x4  
  165  23:54  Corruptor x2  
  176  24:06  Corruptor x2  
  180  24:17  Corruptor x2  
  175  24:27  Corruptor x2  
  179  24:37  Corruptor x4  
  184  24:56  Corruptor x3  
  190  25:02  Corruptor x4  
  198  25:10  Corruptor  
  200  25:22  Spawning Pool  
  199  26:27  Zerg Flyer Weapons Level 3  
  165  27:12  Corruptor x18  
  165  27:13  Corruptor x3  
  183  27:27  Infestor x5  
  193  27:41  Brood Lord x3  
  174  28:08  Corruptor x7  
  175  28:16  Infestor x2  
  155  28:58  Hatchery  
Show
View Real Time Build Order
Export as new Build Order

Scarlett Zerg 

Build Orders: Pool First 

Get SALT Encoding   

  12  0:00  Drone  
  13  0:13  Overlord  
  13  0:19  Drone  
  14  0:32  Drone  
  14  0:33  Drone  
  16  0:36  Drone  
  17  0:45  Drone  
  17  0:46  Extractor  
  17  0:50  Spawning Pool  
  17  0:56  Drone  
  17  1:07  Drone  
  18  1:27  Hatchery  
  18  1:31  Drone  
  18  1:36  Queen  
  20  1:40  Zergling x4  
  22  1:48  Metabolic Boost  
  22  1:52  Overlord  
  22  2:12  Queen  
  22  2:13  Zergling x4  
  25  2:41  Zergling x6  
  25  2:42  Queen  
  30  2:49  Zergling x8  
  34  2:53  Roach Warren  
  33  3:03  Drone  
  34  3:16  Drone x2  
  36  3:20  Overlord  
  36  3:25  Overlord  
  34  3:42  Drone x5  
  36  3:50  Overlord  
  36  3:51  Queen  
  36  3:55  Drone x3  
  41  4:08  Drone  
  41  4:09  Drone x4  
  45  4:17  Roach  
  45  4:18  Roach  
  45  4:21  Roach  
  51  4:27  Drone, Overlord  
  51  4:28  Drone  
  51  4:31  Overlord  
  53  4:34  Roach  
  55  4:39  Ravager  
  55  4:41  Ravager  
  55  4:42  Roach  
  58  4:54  Roach  
  58  4:55  Roach x3  
  58  4:59  Zergling x6, Roach x2  
  62  5:03  Zergling x4  
  57  5:08  Roach  
  57  5:11  Zergling x2  
  51  5:22  Zergling x4  
  46  5:29  Roach  
  46  5:31  Queen  
  32  5:43  Queen  
Show
View Real Time Build Order
Export as new Build Order

Solar Protoss 

Build Orders: Oracle Opening, Carriers 

Get SALT Encoding   

  12  0:01  Probe  
  13  0:13  Probe  
  14  0:23  Pylon  
  14  0:26  Probe  
  15  0:41  Probe  
  15  0:42  Gateway  
  16  0:48  Assimilator  
  16  0:53  Probe (Chrono Boost)  
  17  1:05  Probe (Chrono Boost)  
  18  1:14  Probe (Chrono Boost)  
  19  1:19  Gateway  
  19  1:20  Probe  
  20  1:29  Cybernetics Core  
  20  1:32  Probe  
  21  1:35  Pylon  
  21  1:38  Assimilator  
  21  1:44  Probe  
  22  1:56  Probe  
  23  2:06  Adept (Chrono Boost)  
  27  2:13  Adept (Chrono Boost)  
  27  2:14  Stargate  
  27  2:24  Pylon, Warp Gate  
  27  2:30  Adept  
  29  2:48  Probe  
  30  2:55  Adept  
  32  3:03  Oracle (Chrono Boost), Adept  
  33  3:37  Pylon  
  32  3:44  Gateway  
  32  3:45  Void Ray (Chrono Boost)  
  36  3:56  Shield Battery  
  36  3:57  Shield Battery  
  36  4:03  Pylon  
  36  4:22  Void Ray (Chrono Boost)  
  40  4:30  Stalker x2  
  44  4:39  Pylon  
  41  4:46  Stalker  
  43  4:57  Stalker x2  
  47  5:12  Oracle (Chrono Boost), Zealot  
  52  5:30  Pylon, Nexus  
  52  5:33  Probe  
  53  5:40  Sentry  
  55  5:45  Probe  
  56  5:57  Probe  
  56  6:02  Stalker x2  
  59  6:09  Probe  
  55  6:21  Probe (Chrono Boost)  
  56  6:33  Probe (Chrono Boost)  
  56  6:34  Stalker x3  
  50  7:00  Sentry  
  38  7:01  Sentry  
  38  7:03  Zealot  
  42  7:13  Probe  
  43  7:28  Stalker x3  
  49  7:43  Pylon  
  45  8:10  Stalker x3  
  35  8:35  Stalker x2  
  35  8:36  Stalker  
  41  8:47  Probe  
  42  8:56  Stalker, Nexus  
  42  8:57  Stalker  
  42  8:58  Stalker  
  48  9:07  Probe  
  49  9:19  Probe  
  42  9:32  Probe, Twilight Council  
  43  9:47  Probe (Chrono Boost)  
  44  9:53  Sentry  
  44  9:56  Probe (Chrono Boost)  
  47  10:01  Probe (Chrono Boost)  
  47  10:03  Sentry  
  50  10:12  Probe  
  50  10:13  Probe  
  52  10:14  Blink (Chrono Boost)  
  50  10:32  Stalker  
  48  10:35  Probe x2  
  49  10:47  Probe x2, Pylon  
  51  11:00  Probe  
  48  11:08  Probe  
  48  11:09  Assimilator  
  49  11:12  Probe, Stalker  
  49  11:13  Sentry, Stalker  
  56  11:20  Probe  
  56  11:32  Probe  
  55  11:35  Assimilator  
  54  11:44  Probe  
  55  12:09  Nexus  
  55  12:11  Probe x2  
  57  12:17  Sentry  
  57  12:19  Oracle (Chrono Boost)  
  57  12:20  Robotics Facility  
  62  12:23  Probe  
  62  12:24  Probe  
  64  12:37  Probe  
  64  12:59  Stalker x3  
  64  13:01  Probe x2  
  69  13:22  Observer (Chrono Boost)  
  69  13:24  Stalker x3  
  75  13:28  Gateway  
  75  13:30  Gateway  
  75  13:34  Forge x2  
  75  13:35  Observer (Chrono Boost)  
  75  13:37  Probe x2  
  75  13:39  Gateway  
  62  13:51  Stalker x3  
  62  13:54  Probe (Chrono Boost)  
  71  13:59  Probe (Chrono Boost)  
  71  14:02  Observer (Chrono Boost)  
  70  14:05  Probe (Chrono Boost)  
  71  14:10  Probe (Chrono Boost), Protoss Ground Weapons Level 1 (Chrono Boost)  
  74  14:17  Warp Prism (Chrono Boost)  
  74  14:21  Protoss Ground Armor Level 1 (Chrono Boost)  
  74  14:35  Fleet Beacon  
  74  14:38  Stargate  
  74  14:39  Assimilator  
  74  14:44  Assimilator  
  74  14:49  Protoss Air Weapons Level 1 (Chrono Boost)  
  74  14:52  Stargate  
  74  15:11  Nexus  
  74  15:14  Pylon  
  74  15:26  Graviton Catapult (Chrono Boost)  
  80  15:33  Carrier (Chrono Boost)  
  86  15:57  Carrier (Chrono Boost)  
  90  16:01  Carrier (Chrono Boost)  
  90  16:14  Pylon x2  
  90  16:15  Pylon  
  90  16:24  Probe  
  89  16:36  Probe (Chrono Boost)  
  89  16:38  Protoss Air Weapons Level 2  
  90  16:44  Assimilator  
  90  16:47  Assimilator  
  90  16:48  Probe (Chrono Boost), Carrier (Chrono Boost)  
  97  16:57  Probe (Chrono Boost)  
  98  17:03  Probe  
  98  17:05  Carrier (Chrono Boost)  
  105  17:15  Probe  
  106  17:21  Carrier (Chrono Boost)  
  106  17:27  Probe  
  113  17:55  Probe  
  113  18:01  Carrier (Chrono Boost)  
  119  18:08  Probe  
  120  18:20  Carrier (Chrono Boost)  
  132  18:57  Carrier (Chrono Boost)  
  132  18:58  Pylon, Nexus  
  132  19:00  Pylon x2  
  132  19:01  Pylon  
  132  19:07  Probe  
  139  19:34  Carrier (Chrono Boost), Protoss Air Weapons Level 3  
  145  19:39  Carrier (Chrono Boost)  
  145  19:43  Mothership (Chrono Boost)  
  145  19:45  Assimilator  
  145  19:46  Assimilator  
  145  19:47  Observer (Chrono Boost)  
  154  19:57  Pylon  
  154  19:59  Observer (Chrono Boost)  
  155  20:13  Carrier (Chrono Boost)  
  161  20:46  Carrier (Chrono Boost)  
  161  20:48  Carrier (Chrono Boost), Zealot x2  
  177  21:04  Zealot x4  
  185  21:19  Carrier (Chrono Boost)  
  179  21:54  Carrier (Chrono Boost)  
  179  21:59  Carrier (Chrono Boost)  
  189  22:26  Carrier (Chrono Boost)  
  189  23:41  Templar Archives  
  163  23:49  Carrier (Chrono Boost)  
  169  23:57  Carrier (Chrono Boost)  
  169  23:58  Carrier (Chrono Boost)  
  169  24:19  Psionic Storm  
  169  24:21  High Templar x2  
  169  24:22  High Templar x4  
  177  24:30  Protoss Air Armor Level 1  
  175  24:35  Protoss Shields Level 1 (Chrono Boost)  
  175  24:39  Mothership (Chrono Boost)  
  183  24:45  Carrier (Chrono Boost)  
  189  25:01  High Templar x2  
  189  25:02  High Templar x2  
  189  25:05  High Templar  
  189  25:06  Archon  
  199  25:07  Archon  
  199  25:45  Carrier (Chrono Boost)  
  196  26:04  Tempest (Chrono Boost)  
  200  26:19  Void Ray (Chrono Boost)  
  180  27:10  Mothership  
  174  27:21  High Templar x4  
  174  27:22  High Templar x2  
  186  27:29  Carrier (Chrono Boost)  
  192  27:45  Void Ray (Chrono Boost)  
  155  28:10  Carrier (Chrono Boost)  
Show
View Real Time Build Order
Export as new Build Order

SortOf Protoss 

Build Orders: 1 Gate Expand, Phoenix Opening, Mass Phoenix 

Get SALT Encoding   

  12  0:00  Probe  
  13  0:13  Probe  
  14  0:19  Pylon  
  14  0:25  Probe  
  15  0:37  Probe (Chrono Boost)  
  16  0:47  Probe (Chrono Boost)  
  17  0:52  Probe (Chrono Boost)  
  17  0:53  Gateway  
  18  1:14  Nexus  
  18  1:18  Probe  
  19  1:28  Assimilator  
  19  1:29  Assimilator  
  19  1:30  Probe  
  20  1:41  Cybernetics Core  
  20  1:43  Zealot  
  22  1:49  Pylon  
  22  1:52  Probe  
  23  2:07  Probe (Chrono Boost)  
  24  2:17  Probe (Chrono Boost)  
  25  2:23  Probe, Gateway  
  25  2:29  Pylon, Adept (Chrono Boost)  
  26  2:36  Stargate  
  27  2:38  Probe  
  27  2:42  Probe  
  28  2:50  Probe (Chrono Boost)  
  30  3:02  Probe (Chrono Boost)  
  30  3:04  Probe (Chrono Boost)  
  31  3:07  Shield Battery  
  31  3:11  Probe (Chrono Boost), Warp Gate  
  31  3:12  Probe (Chrono Boost)  
  34  3:21  Probe (Chrono Boost)  
  34  3:23  Probe (Chrono Boost)  
  34  3:24  Phoenix (Chrono Boost)  
  37  3:28  Probe  
  37  3:32  Probe  
  39  3:38  Pylon  
  39  3:40  Probe  
  40  3:44  Shield Battery  
  40  3:50  Stalker  
  40  3:54  Sentry  
  40  3:55  Probe x2  
  45  3:58  Phoenix (Chrono Boost)  
  48  4:07  Probe  
  49  4:10  Probe  
  49  4:11  Assimilator  
  49  4:12  Assimilator  
  49  4:16  Phoenix (Chrono Boost)  
  52  4:19  Probe  
  53  4:28  Probe  
  54  4:31  Probe  
  54  4:32  Pylon  
  54  4:33  Phoenix (Chrono Boost)  
  57  4:40  Probe  
  57  4:41  Pylon  
  57  4:43  Probe  
  58  4:51  Phoenix (Chrono Boost)  
  58  4:52  Probe  
  59  4:53  Pylon  
  59  4:55  Probe  
  62  5:02  Stargate  
  62  5:04  Probe  
  63  5:08  Probe, Pylon  
  64  5:15  Phoenix (Chrono Boost)  
  64  5:18  Pylon  
  64  5:19  Probe  
  64  5:20  Pylon  
  67  5:21  Adept  
  67  5:26  Sentry  
  62  5:40  Probe x2  
  62  5:41  Phoenix  
  57  5:52  Probe x2  
  57  5:56  Phoenix  
  61  6:04  Probe x2  
  61  6:09  Shield Battery  
  63  6:12  Shield Battery, Adept x2  
  63  6:16  Probe x2  
  69  6:24  Oracle x2 (Chrono Boost)  
  59  6:28  Probe  
  51  6:45  Probe  
  52  6:57  Probe  
  51  7:09  Nexus  
  51  7:10  Probe  
  52  7:20  Pylon  
  52  7:21  Shield Battery  
  52  7:22  Probe  
  49  7:32  Pylon  
  49  7:34  Probe  
  49  7:40  Phoenix (Chrono Boost)  
  53  7:46  Probe  
  53  7:48  Phoenix (Chrono Boost)  
  53  7:50  Adept x2  
  58  7:58  Probe  
  53  8:09  Phoenix  
  53  8:10  Probe  
  50  8:13  Adept  
  49  8:22  Probe  
  45  8:34  Probe, Phoenix (Chrono Boost)  
  45  8:46  Probe  
  47  8:53  Zealot  
  47  8:54  Phoenix (Chrono Boost)  
  49  8:58  Probe  
  50  9:03  Phoenix  
  52  9:11  Probe  
  44  9:24  Probe  
  38  9:36  Probe  
  16  11:34  Pylon  
  13  14:37  Pylon  
  13  15:20  Pylon  
Show
View Real Time Build Order
Export as new Build Order

Elazer Protoss 

Build Orders: Oracle Opening, Carriers 

Get SALT Encoding   

  12  0:00  Probe  
  13  0:14  Pylon  
  13  0:17  Probe  
  14  0:29  Probe (Chrono Boost)  
  15  0:38  Gateway  
  15  0:40  Probe (Chrono Boost)  
  16  0:43  Assimilator  
  16  0:45  Probe (Chrono Boost)  
  17  0:56  Probe  
  18  0:58  Assimilator  
  18  1:08  Probe  
  19  1:20  Probe  
  20  1:29  Zealot (Chrono Boost)  
  20  1:32  Cybernetics Core  
  22  1:33  Probe  
  23  1:45  Pylon  
  23  2:03  Probe  
  23  2:06  Stalker (Chrono Boost)  
  24  2:10  Warp Gate  
  24  2:13  Stargate  
  24  2:15  Probe  
  27  2:27  Probe  
  28  2:39  Probe  
  27  2:44  Adept  
  29  2:51  Probe, Nexus  
  29  2:53  Pylon  
  30  3:08  Oracle (Chrono Boost)  
  31  3:13  Adept  
  31  3:14  Probe  
  34  3:26  Pylon  
  34  3:28  Pylon  
  34  3:40  Probe  
  29  3:46  Adept  
  26  3:52  Probe  
  27  3:59  Pylon  
  27  4:02  Pylon  
  27  4:08  Probe  
  27  4:09  Oracle (Chrono Boost)  
  30  4:20  Probe  
  30  4:21  Protoss Air Weapons Level 1  
  31  4:26  Adept  
  33  4:32  Probe  
  34  4:39  Oracle  
  34  4:44  Probe  
  33  5:09  Probe  
  34  5:15  Oracle (Chrono Boost)  
  37  5:40  Probe  
  37  5:42  Nexus  
  36  5:44  Pylon  
  34  5:52  Probe  
  35  6:01  Stargate  
  35  6:03  Fleet Beacon  
  35  6:04  Probe  
  35  6:07  Assimilator  
  35  6:09  Adept  
  38  6:12  Assimilator  
  38  6:16  Probe  
  38  6:17  Pylon  
  39  6:29  Probe  
  40  6:41  Probe (Chrono Boost)  
  41  6:53  Probe (Chrono Boost)  
  48  6:56  Carrier (Chrono Boost)  
  48  6:59  Pylon  
  48  7:04  Probe (Chrono Boost)  
  48  7:06  Probe  
  50  7:15  Probe (Chrono Boost)  
  51  7:17  Carrier (Chrono Boost)  
  51  7:18  Probe (Chrono Boost)  
  58  7:26  Probe (Chrono Boost)  
  58  7:28  Probe (Chrono Boost)  
  60  7:31  Probe (Chrono Boost)  
  61  7:38  Probe  
  61  7:41  Probe  
  61  7:43  Stalker  
  65  7:50  Probe  
  66  7:52  Protoss Air Weapons Level 2  
  66  7:53  Probe  
  66  7:56  Graviton Catapult  
  67  8:02  Probe  
  67  8:05  Probe  
  69  8:14  Probe  
  70  8:28  Probe x2  
  77  8:42  Carrier (Chrono Boost)  
  77  8:46  Carrier (Chrono Boost)  
  83  9:00  Nexus  
  83  9:01  Probe x2  
  83  9:02  Pylon  
  85  9:11  Stargate  
  85  9:13  Stargate  
  85  9:16  Probe  
  86  9:20  Probe  
  87  9:28  Probe  
  88  9:32  Probe  
  80  9:48  Nexus  
  88  9:55  Pylon, Mothership (Chrono Boost)  
  87  10:03  Probe (Chrono Boost), Protoss Air Armor Level 1 (Chrono Boost)  
  88  10:12  Probe  
  88  10:13  Assimilator  
  89  10:18  Assimilator  
  89  10:20  Assimilator  
  89  10:23  Probe (Chrono Boost)  
  89  10:24  Assimilator  
  91  10:29  Probe (Chrono Boost)  
  91  10:34  Probe (Chrono Boost)  
  91  10:35  Carrier (Chrono Boost)  
  98  10:45  Carrier (Chrono Boost)  
  104  11:02  Probe x3  
  113  11:14  Probe x3  
  113  11:16  Carrier (Chrono Boost)  
  116  11:21  Carrier (Chrono Boost)  
  120  11:26  Probe x3  
  123  11:40  Pylon  
  123  11:41  Pylon  
  123  11:51  Carrier (Chrono Boost)  
  121  11:57  Probe (Chrono Boost)  
  128  12:06  Probe (Chrono Boost)  
  124  12:35  Pylon x2  
  124  12:36  Pylon x2  
  124  12:38  Pylon  
  124  12:40  Pylon  
  88  13:41  Pylon  
Tags
 
Add a new tag
Caveats
  • Supply blocks, unpowered buildings, or Contaminate may cause inaccurate times.
  • Supply counts are checked every 10 seconds.